 Dungeon Crawl Stone Soup version 0.28.0 (webtiles) character file.

Game seed: 4895781432132237873

81 hikkokomori the Shield-Bearer (level 4, -3/37 HPs)
             Began as a Formicid Fighter on Feb 8, 2022.
             Slain by an orc priest (4 damage)
             ... on level 3 of the Dungeon.
             The game lasted 00:02:41 (2170 turns).

hikkokomori the Shield-Bearer (Formicid Fighter)    Turns: 2170, Time: 00:02:42

Health: -3/37      AC:  6    Str: 21    XL:     4   Next: 67%
Magic:  4/4        EV:  9    Int:  9    God:
Gold:   144        SH:  5    Dex: 10    Spells: 3/3 levels left

rFire   . . .      SeeInvis +   f - +4 whip (pain)
rCold   . . .      Faith    .   c - +1 buckler
rNeg    . . .      Spirit   .   b - +0 scale mail
rPois   .          Reflect  .   (helmet unavailable)
rElec   .          Harm     .   (no cloak)
rCorr   .          Rampage  .   (no gloves)
Will    .....                   (no boots)
Stlth   ..........              (no amulet)
HPRegen 0.12/turn               (no ring)
MPRegen 0.09/turn               (no ring)

@: no status effects
A: permanent stasis, dig shafts and tunnels, antennae 3, four strong arms
a: Dig, Shaft Self


You were on level 3 of the Dungeon.
You visited 1 branch of the dungeon, and saw 3 of its levels.

You collected 144 gold pieces.

Inventory:

Hand Weapons
 a - a +0 war axe
 f - a +4 whip of pain (weapon)
Armour
 b - a +0 scale mail (worn)
 c - a +1 buckler (worn)
Jewellery
 i - a ring of ice
Scrolls
 e - a scroll of fear {unknown}
 g - a scroll of holy word {unknown}
 h - 2 scrolls of identify {unknown}
 j - a scroll of magic mapping {unknown}
Potions
 d - a potion of might


   Skills:
 + Level 4.1 Fighting
 + Level 3.0 Axes
 - Level 3.4 Armour
 + Level 4.5 Shields


You had 3 spell levels left.
You didn't know any spells.
Your spell library contained the following spells:

 Spells                   Type           Power      Damage    Failure   Level
 Animate Skeleton         Necr           0%         N/A       80%         1
 Apportation              Tloc           0%         N/A       80%         1
 Sting                    Tmut/Pois      0%         1d3       80%         1
 Summon Small Mammal      Summ           0%         N/A       80%         1
 Summon Guardian Golem    Hex/Summ       0%         N/A       99%         3
 Orb of Destruction       Conj           0%         9d5       100%        7
 Spellforged Servitor     Conj/Summ      0%         N/A       100%        7


Dungeon Overview and Level Annotations

Branches:
Dungeon (3/15)

Altars:
Xom


Innate Abilities, Weirdness & Mutations

You cannot be hasted, slowed, berserked, paralysed or teleported.
You can dig through walls and to a lower floor.
You have a pair of large antennae on your head. (SInv)
Your four strong arms can wield two-handed weapons with a shield.


Message History

A hobgoblin is nearby!
The hobgoblin hits you but does no damage.
You hit the hobgoblin.
You kill the hobgoblin!
Your Axes skill increases to level 3!
No target in view!
You now have 144 gold pieces (gained 12).
You sense a monster nearby.
You sense a monster nearby. 2 orcs, an orc wizard and an orc priest come into view.
The orc shouts!
The orc wizard shouts!
The orc priest shouts!
The orc priest invokes the aid of Beogh against you.
You barely resist.
An orc comes into view. It is wielding a +0 hand axe.
The orc shouts!
The orc priest mumbles some strange prayers to Beogh against you.
Beogh smites you!
You completely miss the orc priest.
The orc priest mumbles some strange prayers to Beogh against you.
Beogh smites you!
The orc priest hits you but does no damage.
You are too injured to fight recklessly!
You are too injured to fight recklessly!
Unknown command.
You barely miss the orc priest. The orc priest barely misses you.
You hit the orc priest.
The orc priest is heavily wounded.
The orc priest mumbles some strange prayers to Beogh against you.
Beogh smites you!
* * * LOW HITPOINT WARNING * * *
You hit the orc priest.
The orc priest is heavily wounded.
The orc priest invokes the aid of Beogh against you.
Pain shoots through your body!
* * * LOW HITPOINT WARNING * * *
Unknown command.
You hit the orc priest.
The orc priest is almost dead.
The orc priest hits you with a +0 club.
You die...

#.# #.#
#.# #.#
#.# #.#
#.#
...#####.#


#ooooo@.# ######..# ##.# ### You could see an orc priest, an orc wizard and 3
orcs.

Vanquished Creatures
  3 adders
  A worm (D:2)
  A dart slug (D:3)
  2 orcs (D:3)
  5 ball pythons
  7 endoplasms
  4 giant cockroaches
  2 goblins
  4 hobgoblins
  3 jackals (D:2)
  2 kobolds (D:3)
  2 quokkas
  A bat (D:2)
  2 frilled lizards
  4 rats
43 creatures vanquished.

Notes
Turn   | Place    | Note
-------+----------+-------------------------------------------
     0 | D:1      | hikkokomori the Formicid Fighter began the quest for the
                  | Orb.
     0 | D:1      | Reached XP level 1. HP: 18/18 MP: 1/1
   225 | D:1      | Found a faded altar of an unknown god.
   232 | D:1      | Got Plato's Tome of Envenoming
   300 | D:1      | Reached XP level 2. HP: 24/24 MP: 2/2
  1037 | D:2      | Reached XP level 3. HP: 16/30 MP: 3/3
  1787 | D:2      | Reached XP level 4. HP: 37/37 MP: 4/4
  2061 | D:3      | Found a shimmering altar of Xom.
  2169 | D:3      | HP: 1/37 [orc priest/nerve-wracking pain (3)]
  2170 | D:3      | Slain by an orc priest

Illustrated notes

Levels and vault maps discovered:
D:1:      doesnt_arrival_eight_statues, layout_basic,
          shapermc_ecumenical_altar_rom_forum
D:2:      layout_loops_ring, minmay_misc_feat_chi
D:3:      layout_rooms, xom_confusion_cloud, serial_glass, glass_columns_a,
          glass_columns_a

Skill      XL: |  1  2  3  4 |
---------------+-------------+-----
Shields        | 4 |  4.5
Fighting       | 4 |  4.1
Axes           | 3 |  3.0
Armour         | |  3.4

Action                   |  1- 3 |  4- 6 || total
-------------------------+-------+-------++-------
Melee: War axe           |    11 |       ||    11
       Whip              |    62 |    43 ||   105
  Use: Scroll            |     1 |       ||     1
Armor: Scale mail        |    23 |    14 ||    37
Dodge: Dodged            |    24 |    18 ||    42
Block: Buckler           |    19 |     3 ||    22
